 Dungeon Crawl Stone Soup version 0.29-a0-1027-gcd8c55af63 (webtiles) character file.

Game seed: 2657847295374550785

1347 Plasmagod the Cleaver (level 8, 0/76 HPs)
             Began as a Minotaur Fighter on Aug 13, 2022.
             Succumbed to a killer bee's poison
             ... on level 5 of the Dungeon.
             The game lasted 00:08:12 (6520 turns).

Plasmagod the Cleaver (Minotaur Fighter)            Turns: 6520, Time: 00:08:13

Health: 0/76       AC:  9    Str: 24    XL:     8   Next: 36%
Magic:  7/7        EV:  4    Int:  5    God:
Gold:   335        SH: 11    Dex:  9    Spells: 7/7 levels left

rFire   . . .      SeeInvis .   a - +0 war axe
rCold   . . .      Faith    .   s - +0 tower shield
rNeg    . . .      Spirit   .   t - +0 chain mail
rPois   .          Reflect  .   (helmet restricted)
rElec   .          Harm     .   (no cloak)
rCorr   .          Rampage  .   (no gloves)
Will    .....                   (no boots)
Stlth   ..........              (no amulet)
HPRegen 1.02/turn               (no ring)
MPRegen 0.10/turn               (no ring)

@: lethally poisoned (0 -> -3)
A: horns 2, retaliatory headbutt, regeneration 1, robust 2
a: no special abilities


You were on level 5 of the Dungeon.
You visited 1 branch of the dungeon, and saw 5 of its levels.

You collected 335 gold pieces.

Inventory:

Hand Weapons
 a - a +0 war axe (weapon)
Missiles
 v - 2 javelins (quivered)
Armour
 s - a +0 tower shield (worn)
 t - a +0 chain mail (worn)
Jewellery
 l - a ring of wizardry
Wands
 q - a wand of flame (12)
 w - a wand of iceblast (10)
Scrolls
 b - a scroll of teleportation {unknown}
 c - a scroll of brand weapon {unknown}
 f - a scroll of noise {unknown}
 g - a scroll of vulnerability {unknown}
 j - 2 scrolls of identify {unknown}
 k - 3 scrolls of immolation {unknown}
 n - a scroll of enchant armour {unknown}
 p - a scroll of magic mapping {unknown}
 r - 2 scrolls of blinking {unknown}
 u - a scroll of torment {unknown}
Potions
 d - 3 potions of might
 e - 2 potions of flight {unknown}
 h - 2 potions of attraction {unknown}
 i - 3 potions of curing
 m - 2 potions of cancellation {unknown}
 o - a potion of mutation


   Skills:
 - Level 3.6 Fighting
 + Level 12.4 Axes
 - Level 3.6 Armour
 - Level 3.6 Shields


You had 7 spell levels left.
You didn't know any spells.
Your spell library was empty.

Dungeon Overview and Level Annotations

Branches:
Dungeon (5/15)
 Temple: D:4-7

Altars:

Shops:
D:4 ?


Innate Abilities, Weirdness & Mutations

You have a pair of horns on your head.
You reflexively headbutt those who attack you in melee.
Your natural rate of healing is unusually fast.
You are very robust. (+20% HP)


Message History

The killer bee stings you.
You are more poisoned.
The killer bee poisons you!
The killer bee stings you but does no damage.
You block the killer bee's attack. The killer bee stings you.
You are lethally poisoned!
The killer bee poisons you!
You are too injured to fight recklessly!
The killer bee attacks as you move away!
The killer bee stings you.
* * * LOW HITPOINT WARNING * * *
You are more poisoned.
The killer bee poisons you!
* * * LOW HITPOINT WARNING * * *
You feel extremely sick.
It was a potion of curing.
You feel better.
The killer bee stings you but does no damage.
The killer bee completely misses you.
The killer bee stings you but does no damage.
The killer bee stings you.
* * * LOW HITPOINT WARNING * * *
You are poisoned.
The killer bee poisons you!
It was a potion of mutation.
You feel extremely strange.
You begin to heal more quickly.
You feel robust. x2
You feel sick. You block the killer bee's attack. The killer bee stings you.
* * * LOW HITPOINT WARNING * * *
You block the killer bee's attack. The killer bee barely misses you.
You furiously retaliate!
You headbutt the killer bee!
You kill the killer bee!
You barely miss the killer bee. x2; You feel sick.
The killer bee stings you.
* * * LOW HITPOINT WARNING * * *
The killer bee barely misses you. You block the killer bee's attack.
The killer bee stings you but does no damage. x2
The killer bee stings you.
* * * LOW HITPOINT WARNING * * *
You are more poisoned.
The killer bee poisons you!
You miss the killer bee. You barely miss the killer bee.
You die...

##...## #.# #.###.# #
##.....## #.###.###.# #
##.......###.##...##.# #
#.........##.#....##.######
'......$..'................
#.......h.##.#....##.####..
#......n###.........# #.#
##....5hyy######.#### #.#
...#...###@# #.# #.. #..#
#.# #.# #.. #.. #.# #.# #..
.5. #.# #.# #.. #.#. #.#
#.# #.. #.# #.# #.# ##. .
... ..# #. ..# ### #. ##


You could see a black bear, a necrophage, a hound, 2 killer bees and a white
imp.

Vanquished Creatures
  Grinder (D:3)
  Sigmund (D:4)
  Eustachio (D:5)
  A black bear (D:5)
  2 scorpions
  A killer bee (D:5)
  6 hounds
  2 jellies (D:4)
  3 iguanas
  Ijyb (D:5)
  Natasha (thrice) (D:3)
  Robin (D:3)
  A gnoll (D:1)
  6 adders
  A shadow imp (D:5)
  2 white imps (D:5)
  2 ufetubi (D:5)
  2 worms
  4 dart slugs
  3 orcs (D:3)
  10 ball pythons
  6 bats (D:2)
  9 endoplasms
  A giant cockroach (D:3)
  11 hobgoblins
  6 jackals
  11 kobolds
  3 quokkas
  3 frilled lizards
  18 goblins
  8 rats
130 creatures vanquished.

Vanquished Creatures (others)
  7 demonic plants (D:5)
7 creatures vanquished.

Grand Total: 137 creatures vanquished

Notes
Turn   | Place    | Note
-------+----------+-------------------------------------------
     0 | D:1      | Plasmagod the Minotaur Fighter began the quest for the Orb.
     0 | D:1      | Reached XP level 1. HP: 19/19 MP: 0/0
   108 | D:1      | Reached skill level 3 in Axes
   197 | D:1      | Reached XP level 2. HP: 16/26 MP: 1/1
   832 | D:1      | Reached skill level 4 in Axes
   939 | D:1      | Reached XP level 3. HP: 10/31 MP: 2/2
  1476 | D:2      | Reached skill level 5 in Axes
  1728 | D:2      | Reached XP level 4. HP: 25/39 MP: 3/3
  2461 | D:3      | Reached skill level 6 in Axes
  2621 | D:3      | Noticed Natasha
  2626 | D:3      | Killed Natasha
  2627 | D:3      | Reached XP level 5. HP: 27/45 MP: 4/4
  2705 | D:3      | Noticed Natasha
  2711 | D:3      | Killed Natasha
  2983 | D:3      | Noticed Robin
  3000 | D:3      | Killed Robin
  3001 | D:3      | Reached skill level 7 in Axes
  3065 | D:3      | Noticed Grinder
  3072 | D:3      | Paralysed by Grinder for 5 turns
  3327 | D:3      | Killed Grinder
  3328 | D:3      | Reached skill level 8 in Axes
  3328 | D:3      | Reached XP level 6. HP: 11/51 MP: 5/5
  3602 | D:3      | Noticed Natasha
  3609 | D:3      | Killed Natasha
  4018 | D:4      | Found Siphov's Magic Scroll Emporium.
  4304 | D:4      | Reached skill level 9 in Axes
  4352 | D:4      | Reached XP level 7. HP: 57/57 MP: 6/6
  4729 | D:4      | Noticed Sigmund
  4873 | D:4      | Killed Sigmund
  4874 | D:4      | Reached skill level 10 in Axes
  5349 | D:5      | Entered Level 5 of the Dungeon
  5464 | D:5      | Reached skill level 11 in Axes
  5952 | D:5      | Reached XP level 8. HP: 57/64 MP: 7/7
  6118 | D:5      | Noticed Eustachio
  6128 | D:5      | Killed Eustachio
  6135 | D:5      | Reached skill level 12 in Axes
  6359 | D:5      | Noticed Ijyb
  6362 | D:5      | Killed Ijyb
  6518 | D:5      | Gained mutation: Your natural rate of healing is unusually
                  | fast. [potion of mutation]
  6518 | D:5      | Gained mutation: You are robust. (+10% HP) [potion of
                  | mutation]
  6518 | D:5      | Gained mutation: You are very robust. (+20% HP) [potion of
                  | mutation]
  6519 | D:5      | HP: 1/76 [killer bee (6)]
  6520 | D:5      | Succumbed to a killer bee's poison

Illustrated notes

Levels and vault maps discovered:
D:1:      elethiomel_arrival_shortcut, layout_basic
D:2:      minmay_razor_zed, layout_rooms, kennysheep_donut,
          dreamdust_wishing_well, nicolae_titane
D:3:      layout_basic, corexii_shack, uniq_natasha, uniq_robin, uniq_grinder
D:4:      layout_basic, serial_shops, shop_statue, cheibrodos_sewer_entry_bend,
          uniq_sigmund
D:5:      layout_loops_corners, serial_demonic, serial_demonic_b,
          serial_demonic_f, serial_demonic_e, serial_demonic_g,
          serial_demonic_b, serial_demonic_a, uniq_eustachio, uniq_ijyb

Skill      XL: |  1  2  3  4  5  6  7  8 |
---------------+-------------------------+-----
Axes           | 3 4 5 6 8 9 11 12 | 12.4
Fighting       | |  3.6
Armour         | |  3.6
Shields        | |  3.6

Action                   |  1- 3 |  4- 6 |  7- 9 || total
-------------------------+-------+-------+-------++-------
Melee: War axe           |    76 |   103 |   115 ||   294
       Headbutt          |    10 |    21 |    17 ||    48
Throw: Javelin           |       |     4 |     2 ||     6
  Use: Potion            |       |       |     2 ||     2
Armor: Scale mail        |    32 |    31 |     2 ||    65
       Chain mail        |       |       |    73 ||    73
Dodge: Dodged            |    29 |    34 |    20 ||    83
Block: Buckler           |    15 |    16 |       ||    31
       Tower shield      |       |     6 |    86 ||    92

Table legend: (Time is in decaauts)
 A = Elapsed time spent in this place.
 B = Non-inter-level travel time spent in this place.
 C = Inter-level travel time spent in this place.
 D = Time resting spent in this place.
 E = Time spent auto-exploring this place.
 F = Levels seen in this place.
 G = Mean time per level.
                   A        B        C        D        E       F      G
               +--------+--------+--------+--------+--------+-----+--------+
         Total |   6621 |   6459 |    162 |    533 |   5008 |   5 | 1324.2 |
       Dungeon |   6621 |   6459 |    162 |    533 |   5008 |   5 | 1324.2 |
               +--------+--------+--------+--------+--------+-----+--------+

Top non-repeatable levels by time:
     D:3: 1537 daAuts
     D:1: 1355 daAuts
     D:4: 1289 daAuts
     D:2: 1242 daAuts
     D:5: 1196 daAuts
